 Dungeon Crawl Stone Soup version 0.25.0-1-g7eea58d2a3 (webtiles) character file.

Game seed: 10522017069208788853

11 sking99 the Magician (level 2, 12/14 HPs)
             Began as a Vine Stalker Wizard on June 13, 2020.
             Quit the game on level 1 of the Dungeon on June 14, 2020.
             The game lasted 00:02:25 (727 turns).

sking99 the Magician (Vine Stalker Wizard)           Turns: 727, Time: 00:02:26

Health: 12/14      AC:  3    Str:  9    XL:     2   Next: 29%
Magic:  1/7        EV: 12    Int: 18    God:
Gold:   9          SH:  0    Dex: 12    Spells: 6/7 levels left

rFire    . . .     SeeInvis .     - Unarmed
rCold    . . .     Gourm    .   (no shield)
rNeg     . . .     Faith    .   a - +0 robe
rPois    .         Spirit   +   b - +0 hat
rElec    .         Reflect  .   (no cloak)
rCorr    .         Harm     .   e - +0 pair of gloves
MR       .....                  (no boots)
Stlth    ++........             (no amulet)
HPRegen  0.04/turn              (no ring)
MPRegen  0.10/turn              (no ring)

@: no status effects
A: fangs 2, magic shield, antimagic bite, no potion heal 3, rot immunity
a: no special abilities


You were on level 1 of the Dungeon.
You were not hungry.

You visited 1 branch of the dungeon, and saw 1 of its levels.

You collected 9 gold pieces.

Inventory:

Armour
 a - a +0 robe (worn)
 b - a +0 hat (worn)
 e - a +0 pair of gloves (worn)
Scrolls
 c - a scroll of identify {unknown}
Potions
 g - a potion of degeneration {unknown}
Comestibles
 d - a ration
 f - 3 chunks of flesh


   Skills:
 + Level 0.4 Fighting
 + Level 1.7 Dodging
 - Level 2.5 Stealth
 * Level 1.0 Unarmed Combat
 - Level 3.3 Spellcasting
 - Level 1.1 Conjurations
   Level 1.0 Summonings
   Level 1.0 Translocations


You had 6 spell levels left.
You knew the following spells:

 Your Spells              Type           Power        Failure   Level  Hunger
a - Magic Dart            Conj           #...         10%         1    None

Your spell library contained the following spells:

 Spells                   Type           Power        Failure   Level  Hunger
 Blink                    Tloc           N/A          16%         2    ##.....
 Call Imp                 Summ           #.......     16%         2    ##.....
 Slow                     Hex            #.......     24%         2    ##.....
 Conjure Flame            Conj/Fire      #.......     36%         3    ###....
 Mephitic Cloud           Conj/Pois/Air  #.......     38%         3    ###....


Dungeon Overview and Level Annotations

Branches:
Dungeon (1/15)

Altars:


Innate Abilities, Weirdness & Mutations

You have extremely sharp teeth.
When hurt, damage is shared between your health and your magic reserves.
Your bite disrupts and absorbs the magic of your enemies.
Potions cannot restore your health.
You are immune to rotting.


Message History

Casting: Magic Dart (safe; 10% risk of failure)
Confirm with . or Enter, or press ? or * to list all spells.
Aiming: Magic Dart (safe; 10% risk of failure)
Press: ? - help, Shift-Dir - straight line, f/p - giant cockroach
Aim: a giant cockroach (severely wounded)
The magic dart hits the giant cockroach but does no damage.
The giant cockroach is severely wounded.
The giant cockroach bites you.
Casting: Magic Dart (safe; 10% risk of failure)
Confirm with . or Enter, or press ? or * to list all spells.
Aiming: Magic Dart (safe; 10% risk of failure)
Press: ? - help, Shift-Dir - straight line, f/p - giant cockroach
Aim: a giant cockroach (severely wounded)
The magic dart hits the giant cockroach.
You kill the giant cockroach!
You see here a giant cockroach corpse.
There isn't anything here!
Welcome back, sking99 the Vine Stalker Wizard.
Press ? for a list of commands and other information.
Are you sure you want to abandon this character and quit the game? (Confirm with "yes".)

###### #.#..################
#...................#
#.#.@##############.# #.#.†#
#######.# #.#..# #.......#
#.#..#### #.#######
#########.#.....# #.#
#.........#.....#####'##
#.#########............#
#####.#########............#
..................##.......#


There were no monsters in sight!

Vanquished Creatures
  A leopard gecko (D:1)
  A bat (D:1)
  A giant cockroach (D:1)
  2 hobgoblins (D:1)
  A kobold (D:1)
  A ball python (D:1)
  A frilled lizard (D:1)
  2 rats (D:1)
10 creatures vanquished.

Notes
Turn   | Place    | Note
-------+----------+-------------------------------------------
     0 | D:1      | sking99 the Vine Stalker Wizard began the quest for the
                  | Orb.
     0 | D:1      | Reached XP level 1. HP: 9/9 MP: 5/5
   352 | D:1      | Reached XP level 2. HP: 9/13 MP: 1/7
   498 | D:1      | Reached skill level 1 in Unarmed Combat
   727 | D:1      | Quit the game

Illustrated notes

Levels and vault maps discovered:
D:1:      dpeg_arrival_simpleton_b, layout_basic

Skill      XL: |  1  2 |
---------------+-------+-----
Unarmed Combat | 1 |  1.0
Fighting       | |  0.4
Dodging        | |  1.7
Stealth        | |  2.5
Spellcasting   | |  3.3
Conjurations   | |  1.1
Summonings     | |  1.0
Translocations | |  1.0

Action                   || total
-------------------------++-------
Melee: Unarmed           ||     2
       Bite              ||     1
 Cast: Magic Dart        ||    41
Armor: Robe              ||     9
Dodge: Dodged            ||    16
